 Dungeon Crawl Stone Soup version 0.28.0-47-ge53b351184 (webtiles) character file.

Game seed: 250345806657440489

47 Bruhh the Ducker (level 3, 19/25 HPs)
             Began as a Djinni Fire Elementalist on Apr 30, 2022.
             Quit the game on level 2 of the Dungeon.
             The game lasted 00:02:33 (2132 turns).

Bruhh the Ducker (Djinni Fire Elementalist)         Turns: 2132, Time: 00:02:33

Health: 19/25      AC:  2    Str:  7    XL:     3   Next: 97%
Gold:   13         EV: 12    Int: 18    God:
                   SH:  0    Dex: 13

rFire   + + .      SeeInvis .   (no weapon)
rCold   x . .      Faith    .   (no shield)
rNeg    . . .      Spirit   .   a - +0 robe
rPois   ∞          Reflect  .   (no helmet)
rElec   .          Harm     .   (no cloak)
rCorr   .          Rampage  .   (no gloves)
Will    .....                   (boots unavailable)
Stlth   ++........              (no amulet)
HPRegen 0.08/turn               (no ring)
MPRegen 0.00/turn               (no ring)

@: flying
A: sickness immunity, fire resistance 2, cold vulnerability 1, float, innate
caster, HP casting, extra vitality 1
a: no special abilities


You were on level 2 of the Dungeon.
You visited 1 branch of the dungeon, and saw 2 of its levels.

You collected 13 gold pieces.

Inventory:

Hand Weapons
 g - a +2 dagger of venom
Armour
 a - a +0 robe (worn)
Scrolls
 e - a scroll of fear {unknown}
Potions
 b - a potion of mutation {unknown}
 c - a potion of curing {unknown}
 d - a potion of heal wounds {unknown}
 f - a potion of brilliance {unknown}


   Skills:
 + Level 3.0 Dodging
 + Level 2.3 Stealth
 + Level 2.8 Spellcasting


You couldn't memorise any spells.
You knew the following spells:

 Your Spells              Type           Power      Damage    Failure   Level
a - Foxfire               Conj/Fire      48%        2x1d6     4%          1
b - Scorch                Fire           24%        2d6       8%          2
c - Conjure Flame         Conj/Fire      12%        6-21      16%         3
d - Inner Flame           Hex/Fire       12%        N/A       16%         3
e - Flame Wave            Conj/Fire      12%        2d6       45%         4
f - Shock                 Conj/Air       48%        1d6       4%          1
Your spell library was empty.

Dungeon Overview and Level Annotations

Branches:
Dungeon (2/15)

Altars:


Innate Abilities, Weirdness & Mutations

You are immune to sickness and miasma.
You are immune to poison.
Your flesh is very heat resistant. (rF++)
You are vulnerable to cold. (rC-)
You float through the air rather than walking.
You learn spells naturally, not from books.
Your magical power is your life essence.
You have superior vitality. (+4 MHP)


Message History

The zap hits the endoplasm.
The endoplasm is severely wounded.
The endoplasm quivers.
The zap misses the kobold.
A goblin comes into view. It is wielding a +0 dagger.
A kobold comes into view. It is wielding a +0 short sword.
The zap hits the kobold.
You kill the kobold!
The zap hits the endoplasm.
You kill the endoplasm!
The zap hits the kobold.
You kill the kobold!
A ball python comes into view.
The zap hits the ball python.
You kill the ball python!
You can't see any susceptible monsters within range! (Use Z to cast anyway.)
You can't see any susceptible monsters within range! (Use Z to cast anyway.)
A goblin comes into view. It is wielding a +0 club.
A goblin is nearby!
A goblin is nearby!
You can't see any susceptible monsters within range! (Use Z to cast anyway.) No target in view!
You can't see any susceptible monsters within range! (Use Z to cast anyway.)
You can't see any susceptible monsters within range! (Use Z to cast anyway.)
A goblin is nearby!
The zap misses the goblin.
The goblin shouts!
The zap hits the goblin.
The goblin is severely wounded.
Found a scroll labelled QIMITI WOTI.
The zap hits the goblin.
You kill the goblin!
You can't see any susceptible monsters within range! (Use Z to cast anyway.)
You can't see any susceptible monsters within range! (Use Z to cast anyway.)
You can't see any susceptible monsters within range! (Use Z to cast anyway.) No target in view!
Things that are here:
a +0 club; a +2 dagger of venom; a goblin corpse
g - a +2 dagger of venom Are you sure you want to abandon this character and quit the game? (Confirm with "yes".)

.# ## ... .
.†..# .. ##.##
.....+
#.##.#.###.....#
#...#..? ..).# .
#@#.###...#
....##.##....#
............+#
##..######...# #
#####...#
#.......##
#.#####..##
#...######
#.........


There were no monsters in sight!

Vanquished Creatures
  A dart slug (D:1)
  5 ball pythons
  3 bats (D:1)
  4 endoplasms
  A giant cockroach (D:1)
  5 goblins
  6 hobgoblins (D:1)
  5 kobolds
  2 quokkas (D:1)
  2 frilled lizards (D:1)
  6 rats (D:1)
40 creatures vanquished.

Vanquished Creatures (others)
  28 foxfires (D:1)
28 creatures vanquished.

Grand Total: 68 creatures vanquished

Notes
Turn   | Place    | Note
-------+----------+-------------------------------------------
     0 | D:1      | Bruhh the Djinni Fire Elementalist began the quest for the
                  | Orb.
     0 | D:1      | Reached XP level 1. HP: 15/15 MP: 0/0
   427 | D:1      | Reached XP level 2. HP: 17/21 MP: 0/0
   747 | D:1      | Found a faded altar of an unknown god.
   925 | D:1      | Reached XP level 3. HP: 1/25 MP: 0/0
   925 | D:1      | Learned a level 1 spell: Shock
  1848 | D:1      | Reached skill level 3 in Dodging
  2132 | D:2      | Quit the game

Illustrated notes

Levels and vault maps discovered:
D:1:      mrwooster_arrival_statue_2, layout_basic,
          ebering_ecumenical_altar_mist
D:2:      layout_loops_corners, nrook_uturn, minmay_ruptured

Skill      XL: |  1  2  3 |
---------------+----------+-----
Stealth        | 2 |  2.3
Dodging        | 3 |  3.0
Spellcasting   | |  2.8

Action                   || total
-------------------------++-------
Melee: Unarmed           ||    17
       Punch             ||     1
 Cast: Foxfire           ||    18
       Scorch            ||    17
       Shock             ||    39
 Stab: Sleeping          ||     1
Armor: Robe              ||     8
Dodge: Dodged            ||    27
